 Dungeon Crawl Stone Soup version 0.31-a0-277-g31ea1f65cc (webtiles) character file.

Game seed: 9372188269771070234

62 LobsterGuardian the Changeling (level 3, -4/29 HPs)
             Began as a Draconian Shapeshifter on July 16, 2023.
             Slain by a black bear (6 damage)
             ... on level 4 of the Dungeon.
             The game lasted 00:04:25 (2079 turns).

LobsterGuardian the Changeling (DrSh)               Turns: 2079, Time: 00:04:26

Health: -4/29      AC:  5    Str: 17    XL:     3   Next: 85%
Magic:  12/12      EV: 12    Int: 14    God:
Gold:   132        SH:  0    Dex: 16    Spells: 2/2 levels left

rFire   x .          .
                       - Unarmed
rCold   . . .        (no shield)
rNeg    . . .        (body armour unavailable)
rPois   .            (helmet currently unavailable)
rElec   .            (cloak currently unavailable)
rCorr   .            (gloves currently unavailable)
SInv    +            (boots currently unavailable)
Will    .....        (no amulet)
Stlth   ++           f - ring of see invisible
HPRegen 0.24/turn    m - ring "Ufeggo" {rF- MP+9 Int+6 Dex+3 SInv}
MPRegen 0.13/turn

%: no passive effects
@: beast-form
A: beast (slay +2), AC +5, unfitting armour, cold-blooded
a: Begin Untransformation


You were on level 4 of the Dungeon.
You were a hulking beast.
You visited 1 branch of the dungeon, and saw 4 of its levels.

You collected 132 gold pieces.

Inventory:

Jewellery
 f - a ring of see invisible (left hand)
 m - the ring "Ufeggo" (right hand) {rF- MP+9 Int+6 Dex+3 SInv}
   (You found it on level 3 of the Dungeon)

   [ring of intelligence]

   Int:       It affects your intelligence (+6).
   Dex:       It affects your dexterity (+3).
   rF:        It makes you vulnerable to fire.
   MP:        It affects your magic capacity (+9).
   SInv:      It lets you see invisible.
 n - a ring of wizardry
Talismans
 b - a beast talisman
Scrolls
 g - a scroll of immolation
 h - 2 scrolls of enchant weapon
Potions
 a - a potion of lignification
 c - 4 potions of enlightenment
 d - 2 potions of attraction
 j - a potion of curing
 k - a potion of haste {unknown}
 l - a potion of resistance {unknown}


   Skills:
 + Level 2.2 Fighting
 + Level 2.0 Dodging
 + Level 1.0 Stealth
 * Level 3.1 Unarmed Combat
 + Level 3.4 Shapeshifting


You had 2 spell levels left.
You didn't know any spells.
Your spell library contained the following spells:

 Spells                   Type           Power      Damage    Failure   Level
 Vhi's Electric Charge    Tloc/Air       0%         N/A       65%         3
 Arcjolt                  Conj/Air       0%         1d10      100%        5
 Plasma Beam              Fire/Air       0%         2x1d10    100%        6


Dungeon Overview and Level Annotations

Branches:
Dungeon (4/15)
 Temple: D:4-7

Altars:
Dithmenos
Trog
Uskayaw
Zin

Shops:
D:1 !*:[?


Innate Abilities, Weirdness & Mutations

You are a hulking beast.
Your limbs bulge with bestial killing power. (Slay +2)
Your plain brown scales are hard. (AC +5)
You cannot fit into any form of body armour.
You are cold-blooded and may be slowed by cold attacks.


Message History

You feel forgetful for a moment.
The black bear bites you but does no damage.
The black bear claws you but does no damage.
The black bear claws you.
It was a potion of curing.
You feel better.
The black bear bites you but does no damage.
The black bear closely misses you.
The black bear claws you but does no damage.
The scorpion stings you but does no damage.
The black bear bites you. The black bear misses you. The black bear claws you.
The scorpion stings you but does no damage.
You hit the black bear.
Your tail-slap misses the black bear.
The black bear is lightly wounded.
The black bear bites you but does no damage.
The black bear barely misses you. The black bear claws you.
You closely miss the black bear.
The black bear is lightly wounded.
The black bear barely misses you.
The black bear claws you but does no damage. x2
You hit the black bear.
The black bear is moderately wounded.
The black bear closely misses you. x2; The black bear claws you.
You hit the black bear. You punch the black bear.
The black bear is heavily wounded.
The black bear barely misses you. The black bear completely misses you.
The black bear claws you but does no damage.
You punch the black bear!
The black bear is almost dead.
The black bear goes berserk!
You barely miss the black bear.
The black bear is almost dead.
The black bear bites you! The black bear claws you.
The black bear claws you but does no damage.
You hit the black bear.
The black bear is almost dead.
The black bear barely misses you. The black bear claws you.
The black bear barely misses you. The black bear bites you!
* * * LOW HITPOINT WARNING * * *
The black bear claws you.
You die...

# #........#####.#.#
#.###.#.##........#.#
.....#..#.########.#
#....#....##<....#
#......#.########
.####......#.#
#.......s#..# .
#.######h#### ## #h#
#.# #.. .... ####. ##


You could see a black bear (berserk) and a scorpion.

Vanquished Creatures
  An adder (D:2)
  5 worms (D:3)
  A dart slug (D:2)
  5 ball pythons
  2 endoplasms
  2 giant cockroaches
  5 goblins
  A hobgoblin (D:2)
  5 kobolds
  A quokka (D:3)
  2 bats
  A frilled lizard (D:2)
  5 rats
36 creatures vanquished.

Notes
Turn   | Place    | Note
-------+----------+-------------------------------------------
     0 | D:1      | LobsterGuardian the Draconian Shapeshifter began the quest
                  | for the Orb.
     0 | D:1      | Reached XP level 1. HP: 17/17 MP: 1/1
   186 | D:1      | Found Xidoothritoa's Magic Scroll Shop.
   214 | D:1      | Reached XP level 2. HP: 22/24 MP: 2/2
   337 | D:1      | Found Xesov's Assorted Antiques.
   414 | D:1      | Found Ifoyfoq's Book Shop.
   475 | D:1      | Found Geusk's Antique Armour Emporium.
   510 | D:1      | Found Wukh's Distillery.
   840 | D:2      | Reached XP level 3. HP: 26/29 MP: 3/3
  1335 | D:3      | Identified the staff "Adwocadd" {rN+ Stlth+ Conj}
  1553 | D:3      | Identified the ring "Ufeggo" {rF- MP+9 Int+6 Dex+3 SInv}
  1663 | D:3      | Reached skill level 1 in Stealth
  1771 | D:3      | Found a bloodstained altar of Trog.
  1864 | D:3      | Found a hide-covered altar of Uskayaw.
  1864 | D:3      | Found a shadowy altar of Dithmenos.
  1926 | D:3      | Found a glowing silver altar of Zin.
  2062 | D:4      | Noticed a black bear
  2064 | D:4      | Noticed a scorpion
  2079 | D:4      | Slain by a black bear

Illustrated notes

Levels and vault maps discovered:
D:1:      ldierk_walled_garden_2, layout_basic, serial_shops,
          nicolae_shop_rolled_up, nicolae_shop_tiny_real_fake_doors,
          nicolae_shop_gibbet_a_chance, shop, shop
D:2:      layout_basic
D:3:      layout_basic, zin_academy, marbit_many_paths,
          nicolae_overflow_two_pavilions, hangedman_glass_teeth
D:4:      layout_basic, uniq_blork_the_orc

Skill      XL: |  1  2  3 |
---------------+----------+-----
Dodging        | 2 |  2.0
Stealth        | 1 |  1.0
Unarmed Combat | 3 |  3.1
Fighting       | |  2.2
Shapeshifting  | |  3.4

Action                     || total
---------------------------++-------
  Melee: Unarmed           ||   102
         Tailslap          ||    15
         Punch             ||     2
    Use: Scroll            ||     6
         Potion            ||     1
   Stab: Sleeping          ||     2
 Armour: Skin              ||    33
  Dodge: Dodged            ||    56

Table legend: (Time is in decaauts)
 A = Elapsed time spent in this place.
 B = Non-inter-level travel time spent in this place.
 C = Inter-level travel time spent in this place.
 D = Time resting spent in this place.
 E = Time spent auto-exploring this place.
 F = Levels seen in this place.
 G = Mean time per level.
                   A        B        C        D        E       F      G
               +--------+--------+--------+--------+--------+-----+--------+
         Total |   2074 |   2010 |     64 |      0 |   1702 |   4 |  518.5 |
       Dungeon |   2074 |   2010 |     64 |      0 |   1702 |   4 |  518.5 |
               +--------+--------+--------+--------+--------+-----+--------+

Top non-repeatable levels by time:
     D:3: 859 daAuts
     D:1: 723 daAuts
     D:2: 453 daAuts
     D:4: 38 daAuts
